 Dungeon Crawl Stone Soup version 0.17-a0-1637-g5d65775 (webtiles) character file.

70 karlkraus the Insei (level 4, -4/31 HPs)
             Began as an Octopode Monk on Aug 7, 2015.
             Slain by Natasha (7 damage)
             ... on level 2 of the Dungeon.
             The game lasted 00:03:04 (1464 turns).

karlkraus the Insei (Octopode Monk)                 Turns: 1464, Time: 00:03:04

Health: -4/31      AC:  1    Str: 10    XL:     4   Next: 21%
Magic:  4/4        EV: 13    Int: 12    God:
Gold:   21         SH:  0    Dex: 15    Spells: 0 memorised, 3 levels left

rFire  + . .     SeeInvis .       - Unarmed
rCold  . . .     Clarity  .     (no shield)
rNeg   . . .     SustAt   .     (helmet restricted)
rPois  .         Gourm    .     (no amulet)
rElec  .         Spirit   .     d - ring of protection from fire
rCorr  .         Warding  .     (no ring)
rMut   .         Stasis   .     (no ring)
MR     .....                    (no ring)
Stlth  ++++......               (no ring)
                                (no ring)
                                (no ring)
                                (no ring)

@: slowed, very slow, not resistant to hostile enchantments, stealthy
A: almost no armour, amphibious, 8 rings, constrict 8, camouflage 1, gelatinous
body 1
a: no special abilities


You were on level 2 of the Dungeon.
You were hungry.

You visited 1 branch of the dungeon, and saw 2 of its levels.

You collected 21 gold pieces.

Inventory:

Jewellery
 d - a ring of protection from fire (left tentacle)
Scrolls
 b - a scroll of enchant weapon {unknown}
 c - a scroll of blinking {unknown}
 e - a scroll of enchant armour {unknown}
 f - a scroll of random uselessness {unknown}
 g - a scroll of identify {unknown}
 h - a scroll of teleportation {unknown}
 i - a scroll of fear {unknown}
Comestibles
 a - a bread ration


   Skills:
 + Level 3.3 Fighting
 + Level 3.3 Dodging
 + Level 3.9 Stealth
 + Level 4.7 Unarmed Combat


You had 3 spell levels left.
You didn't know any spells.

Dungeon Overview and Level Annotations

Branches:
Dungeon (2/15)

Altars:

Annotations:
D:2 Natasha


Innate Abilities, Weirdness & Mutations

You cannot wear most types of armour.
You are amphibious.
You can wear up to eight rings at the same time.
You can use your tentacles to constrict eight enemies at once.
Your skin changes colour to match your surroundings (Stealth).
Your rubbery body absorbs attacks (AC +1).


Message History

Natasha zaps a wand.
You feel as though you will be slow longer.
Natasha claws you. x2
You tentacle-slap Natasha. Your grab misses Natasha.
Natasha is moderately wounded.
Natasha barely misses you.
You miss Natasha. You grab Natasha.
Natasha is moderately wounded.
You constrict Natasha, but do no damage.
Natasha casts a spell at you. The magic dart hits you!
* * * LOW HITPOINT WARNING * * *
You are too injured to fight recklessly!
You are too injured to fight recklessly!
You are too injured to fight recklessly!
You release your grip on Natasha.
Natasha closely misses you.
Natasha mumbles some strange words.
Natasha's fingertips start to glow.
Natasha claws you!
You die...

####.# ... .....# ...
###### ... ## #.##.#
#.# .# #.##.# #.# .##
#.##.# #.# ..#
#.##'#####h#### #.##
#.#.......@...# #..#
#.#...........#
##.####.#....)......#
....................#
......#.#...........#
......#.#.(.........#
###...#.#...........#
#...#.##'##########
#..##.##.#


You could see Natasha.

Vanquished Creatures
  Natasha (D:2)
  2 oozes
  2 giant geckos (D:2)
  8 bats
  2 giant cockroaches
  A hobgoblin (D:1)
  8 kobolds
  4 giant newts
  8 goblins
  3 rats
39 creatures vanquished.

Notes
Turn   | Place    | Note
--------------------------------------------------------------
     0 | D:1      | karlkraus the Octopode Monk began the quest for the Orb.
     0 | D:1      | Reached XP level 1. HP: 16/16 MP: 1/1
   133 | D:1      | Reached XP level 2. HP: 14/21 MP: 2/2
   677 | D:1      | Reached XP level 3. HP: 11/26 MP: 3/3
  1224 | D:2      | Noticed Natasha
  1237 | D:2      | Killed Natasha
  1237 | D:2      | Reached XP level 4. HP: 5/31 MP: 4/4
  1457 | D:2      | Noticed Natasha
  1464 | D:2      | Slain by Natasha

Vault maps used:
D:1:      minmay_arrival_cross, serial_forest, infiniplex_forest_corner_1,
          infiniplex_forest_clump_diagonal, infiniplex_forest_end_3,
          infiniplex_forest_straight_1, infiniplex_forest_straight_4,
          infiniplex_forest_diagonal, infiniplex_forest_end_double
D:2:      lemuel_doored_altar, feat_on_display, uniq_natasha

Action                   |  1- 3 |  4- 6 || total
-------------------------+-------+-------++-------
Melee: Unarmed           |    74 |    13 ||    87
 Stab: Sleeping          |    11 |     1 ||    12
       Distracted        |     1 |       ||     1
  Eat: Chunk             |       |     1 ||     1
